 Dungeon Sprint DCSS version 0.17-a0-1651-gae1a69f (webtiles) character file.

49676 Kidiri the Imperceptible (level 13, -3/59 (60) HPs)
             Began as a Spriggan Enchanter on Aug 14, 2015.
             Was the Champion of Dithmenos.
             Shot with a bolt by a yaktaur captain (28 damage)
             ... in the Dungeon (Sprint III: "The Ten Rune Challenge").
             The game lasted 00:19:51 (4756 turns).

Kidiri the Imperceptible (Spriggan Enchanter)       Turns: 4756, Time: 00:19:51

HP:   -3/59 (60)    AC:  6    Str:  2    XL:     13   Next: 54%
MP:   25/35         EV: 35    Int: 23    God:    Dithmenos [******]
Gold: 42            SH:  0    Dex: 18    Spells: 9 memorised, 3 levels left

rFire  . . .     SeeInvis +     s - +1 rapier (drain)
rCold  . . .     Clarity  .     b - +2 robe
rNeg   + . .     SustAt   .     (shield restricted)
rPois  .         Gourm    .     n - +2 hat {Int+3}
rElec  .         Spirit   .     (no cloak)
rCorr  .         Warding  +     (gloves unavailable)
rMut   .         NoTele   +     (boots unavailable)
MR     ++...                    r - amulet of warding
Stlth  ++++++++++               (no ring)
                                (no ring)

@: wreathed by umbra, very quick, very resistant to hostile enchantments,
uncannily stealthy
A: unfitting armour, see invisible, clever 1, clumsy 1, herbivore 3, speed 3,
robust 1, slow metabolism 2, weak 1, evolution 1
a: Shadow Step, Shadow Form, Renounce Religion
}: 1/10 runes: barnacled


You were in the Dungeon.
You worshipped Dithmenos.
Dithmenos was exalted by your worship.
You were not hungry.

You visited 1 branch You collected 42 gold pieces.

Inventory:

Hand weapons
 s - a +1 rapier of draining (weapon)
 t - the +7 short sword of Waenig {distort, Str-4 Dex+6}
   (You found it in the Dungeon)

   It warps and distorts space around it.
   Unwielding it can cause banishment or high damage.
   It affects your strength (-4).
   It affects your dexterity (+6).
Armour
 b - a +2 robe (worn)
 n - a +2 hat of intelligence (worn)
Jewellery
 r - an amulet of warding (around neck)
Magical devices
 m - a wand of confusion (18)
Scrolls
 j - a scroll of blinking
Potions
 e - 5 potions of curing
 f - 3 potions of heal wounds
 g - a potion of haste
 h - 2 potions of magic
 i - a potion of berserk rage
 k - a potion of lignification {unknown}
 l - a potion of degeneration {unknown}
 p - 2 potions of cure mutation
 q - a potion of flight {unknown}
Comestibles
 c - 23 royal jellies
 d - a bread ration
 o - 10 fruits


   Skills:
 + Level 11.8 Short Blades
 * Level 19.6 Dodging
 * Level 21.4 Stealth
 * Level 17.2 Spellcasting
 + Level 8.1 Conjurations
 + Level 13.1 Hexes
 + Level 9.1 Ice Magic
 + Level 7.7 Air Magic
 + Level 7.1 Earth Magic
 + Level 9.6 Poison Magic
 + Level 10.0 Invocations


You had 3 spell levels left.
You knew the following spells:

 Your Spells              Type           Power        Failure   Level  Hunger
a - Corona                Hex            ######.      0%          1    None
b - Ensorcelled Hibernat  Hex/Ice        ######       1%          2    None
c - Confuse               Hex            ######..     1%          3    None
d - Tukima's Dance        Hex            ######..     1%          3    None
e - Dazzling Spray        Conj/Hex       ######..     1%          3    None
f - Poison Arrow          Conj/Pois      ######....   12%         6    ####...
g - Chain Lightning       Conj/Air       ######....   100%        8    #######
h - Lehudib's Crystal Sp  Conj/Erth      ######....   100%        8    #######
i - Glaciate              Conj/Ice       ######....   100%        9    #######


Dungeon Overview and Level Annotations

Branches:
Dungeon (1/1)

Altars:
Cheibriados
Dithmenos
Elyvilon
Fedhas
Gozag
Kikubaaqudgha
Makhleb
Nemelex Xobeh
Okawaru
Qazlal
Ru
Sif Muna
Trog
Vehumet
Xom
Yredelemnul
Zin
The Shining One
Jiyva
Lugonu

Shops:
D }(%}[?

Annotations:
D exclusion: orange crystal statue


Innate Abilities, Weirdness & Mutations

You are tiny and cannot use many weapons and most armour.
You have supernaturally acute eyesight.
You are a herbivore.
You cover ground extremely quickly.
You need consume almost no food.
Your mind is acute. (Int +2)
You are clumsy. (Dex -2)
You are robust (+10% HP).
You are weak. (Str -2)
You evolve.


Message History

Confirm with . or Enter, or press ? or * to list all spells.
Aiming: Tukima's Dance
Press: ? - help, Shift-Dir - straight line, f/p - yaktaur captain
Aim: a yaktaur captain, wielding an arbalest of chaos (umbra, chance to defeat MR: 80%)
The uncursed arbalest of chaos vibrates crazily for a second.
Casting: Tukima's Dance
Confirm with . or Enter, or press ? or * to list all spells.
Aiming: Tukima's Dance
Press: ? - help, Shift-Dir - straight line, f/p - yaktaur captain
Aim: a yaktaur captain, wielding an arbalest of chaos (umbra, chance to defeat MR: 80%)
The uncursed arbalest of chaos vibrates crazily for a second.
The yaktaur captain shoots a bolt.
The bolt completely misses you.
Casting: Tukima's Dance
Confirm with . or Enter, or press ? or * to list all spells.
Aiming: Confuse
Press: ? - help, Shift-Dir - straight line, f/p - yaktaur captain
Aim: a yaktaur captain, wielding an arbalest of chaos (umbra, chance to defeat MR: 47%)
The yaktaur captain resists with some effort.
The yaktaur captain shoots a bolt.
The bolt hits you!!
You die...

c≈ ##+###+##..#..PcP.#
###.......'..#..PPPc#
##.#.#####.####......#
####..'.#)..+.#..#......#
...'..#######.+..#......#
#######.. ..#.####§§§§..#
#..#..#.#..#§§§§..#
#.#)#.#.'(.#§§§§..#
#....)#.#.@#§§§§..#
#)....#.#..'..%...#
#.#)#.+.#..#c.%...#
#..#..#.#..#......#
#)....###########+#
#######


You could see a yaktaur captain.

Vanquished Creatures
  Rupert (D)
  Frances (D)
  A kraken (D)
  Gastronok (D)
  Maud (D)
  Wiglaf (D)
  2 dire elephants (D)
  2 fire dragons (D)
  Josephine (D)
  2 hydras (D)
  2 centaur warriors (D)
  3 alligator snapping turtles (D)
  4 dancing weapons (D)
  4 death yaks (D)
  A death drake (D)
  A spriggan druid (D)
  2 unseen horrors (D)
  A lindwurm (D)
  2 ugly things (D)
  2 elephants (D)
  2 black mambas (D)
  An elephant (shapeshifter) (D)
  2 spiny frogs (D)
  A fire drake (D)
  A komodo dragon (D)
  A deep elf priest (D)
  3 wandering mushrooms (D)
  4 spriggan defenders (D)
  A queen bee (D)
  8 blink frogs (D)
  A boulder beetle (shapeshifter) (D)
  An orc high priest (D)
  A snapping turtle (shapeshifter) (D)
  A shadow (D)
  3 snapping turtles (D)
  2 spriggans (D)
  3 redbacks (D)
  A spatial vortex (D)
  A necrophage (D)
  A swamp drake (D)
  An earth elemental (D)
  2 centaurs (D)
  2 brain worms (D)
  A water elemental (D)
  32 killer bees (D)
  An electric eel (D)
  2 orc priests (D)
  A jelly (D)
  A wizard (D)
  A necromancer (D)
  3 humans (D)
  A kobold demonologist (D)
  A wolf (D)
  An ooze (D)
  3 rats (D)
  3 plants (D)
130 creatures vanquished.

Vanquished Creatures (others)
  2 draconian scorchers (D)
  2 fire drakes (D)
  3 yaktaurs (D)
  An orc priest (D)
  A bush (D)
  8 plants (D)
  4 tentacles (D)
  41 tentacle segments (D)
62 creatures vanquished.

Grand Total: 192 creatures vanquished

Notes
Turn   | Place    | Note
--------------------------------------------------------------
     0 | D        | Kidiri the Spriggan Enchanter began the quest for the Orb.
     0 | D        | Reached XP level 1. HP: 9/9 MP: 5/5
    11 | D        | Reached skill level 5 in Stealth
    39 | D        | Noticed a wolf
    42 | D        | Killed a wolf
    42 | D        | Reached skill level 5 in Dodging
    42 | D        | Reached skill level 6 in Stealth
    42 | D        | Reached XP level 2. HP: 13/13 MP: 6/8
    53 | D        | Learned a level 2 spell: Ensorcelled Hibernation
    83 | D        | Reached XP level 3. HP: 9/16 MP: 5/10
    88 | D        | Learned a level 3 spell: Confuse
    92 | D        | Learned a level 3 spell: Tukima's Dance
   179 | D        | Killed a fire drake
   198 | D        | Killed a white draconian scorcher
   249 | D        | Gained mutation: You are robust (+10% HP). [potion of mutation]
   249 | D        | Gained mutation: You are weak. (Str -2) [potion of mutation]
   249 | D        | Gained mutation: You evolve. [potion of mutation]
   250 | D        | Gained mutation: Your mind is acute. (Int +2) [potion of mutation]
   250 | D        | Gained mutation: You expend magic power (3 MP) to strengthen your wands. [potion of mutation]
   273 | D        | Noticed a water elemental
   276 | D        | Killed a water elemental
   276 | D        | Reached skill level 8 in Stealth
   276 | D        | Reached skill level 5 in Spellcasting
   276 | D        | Reached skill level 5 in Hexes
   276 | D        | Reached skill level 1 in Ice Magic
   276 | D        | Reached XP level 4. HP: 23/23 MP: 10/12
   286 | D        | Killed a white draconian scorcher
   290 | D        | Learned a level 3 spell: Dazzling Spray
   308 | D        | Noticed a jelly
   309 | D        | Noticed a shadow
   311 | D        | Killed a shadow
   311 | D        | Reached skill level 10 in Stealth
   311 | D        | Reached skill level 1 in Conjurations
   311 | D        | Reached XP level 5. HP: 26/26 MP: 12/15
   311 | D        | Reached XP level 6. HP: 30/30 MP: 13/17
   315 | D        | Killed a jelly
   320 | D        | Found a stormy altar of Qazlal.
   321 | D        | Found a sacrificial altar of Ru.
   321 | D        | Found a burning altar of Makhleb.
   321 | D        | Found a viscous altar of Jiyva.
   321 | D        | Found a shimmering altar of Xom.
   321 | D        | Found a shadowy altar of Dithmenos.
   321 | D        | Found a sparkling altar of Nemelex Xobeh.
   321 | D        | Found a corrupted altar of Lugonu.
   321 | D        | Found an opulent altar of Gozag.
   321 | D        | Noticed a spatial vortex
   325 | D        | Became a worshipper of Dithmenos the Shadowed
   349 | D        | Killed a spatial vortex
   349 | D        | Reached skill level 5 in Short Blades
   349 | D        | Reached skill level 1 in Invocations
   359 | D        | Killed a fire drake
   513 | D        | Killed a yaktaur
   563 | D        | Found a radiant altar of Vehumet.
   564 | D        | Noticed a wizard
   567 | D        | Killed a wizard
   567 | D        | Reached skill level 11 in Stealth
   568 | D        | Found a deep blue altar of Sif Muna.
   568 | D        | Found an ancient bone altar of Kikubaaqudgha.
   570 | D        | Reached skill level 10 in Dodging
   593 | D        | Learned a level 6 spell: Poison Arrow
   695 | D        | Found a glowing silver altar of Zin.
   696 | D        | Found a glowing golden altar of the Shining One.
   696 | D        | Found a white marble altar of Elyvilon.
   696 | D        | Noticed a deep elf priest
   699 | D        | Killed a deep elf priest
   699 | D        | Reached skill level 1 in Poison Magic
   699 | D        | Reached XP level 7. HP: 35/35 MP: 18/20
   711 | D        | Found an iron altar of Okawaru.
   712 | D        | Found a bloodstained altar of Trog.
   712 | D        | Noticed a human
   712 | D        | Noticed a human
   722 | D        | Killed a human
   722 | D        | Reached skill level 12 in Stealth
   723 | D        | Killed a human
   782 | D        | Found a snail-covered altar of Cheibriados.
   782 | D        | Noticed a necrophage
   783 | D        | Found a basalt altar of Yredelemnul.
   783 | D        | Found a blossoming altar of Fedhas.
   783 | D        | Noticed a necromancer
   784 | D        | Killed a necrophage
   784 | D        | Acquired Dithmenos's first power
   784 | D        | Reached XP level 8. HP: 39/39 MP: 22/22
   785 | D        | Killed a necromancer
   806 | D        | Noticed Josephine
   808 | D        | Killed Josephine
   808 | D        | Reached skill level 13 in Stealth
   808 | D        | Reached skill level 10 in Spellcasting
   815 | D        | Noticed an earth elemental
   818 | D        | Killed an earth elemental
   823 | D        | Noticed a centaur
   823 | D        | Noticed a centaur warrior
   823 | D        | Noticed a centaur
   831 | D        | Killed a centaur
   834 | D        | Killed a centaur
   834 | D        | Reached XP level 9. HP: 31/42 MP: 8/24
   836 | D        | Killed a centaur warrior
   836 | D        | Acquired Dithmenos's second power
   836 | D        | Reached skill level 14 in Stealth
   836 | D        | Reached skill level 5 in Ice Magic
   933 | D        | Learned a level 8 spell: Chain Lightning
  1017 | D        | Noticed an unseen horror
  1017 | D        | Noticed an unseen horror
  1018 | D        | Killed an unseen horror
  1018 | D        | Reached skill level 1 in Air Magic
  1018 | D        | Reached skill level 5 in Invocations
  1020 | D        | Killed an unseen horror
  1020 | D        | Reached skill level 15 in Stealth
  1020 | D        | Reached skill level 5 in Poison Magic
  1030 | D        | Noticed a killer bee
  1030 | D        | Noticed a killer bee
  1030 | D        | Noticed a killer bee
  1030 | D        | Noticed a queen bee
  1030 | D        | Noticed a killer bee
  1030 | D        | Noticed a killer bee
  1030 | D        | Noticed a killer bee
  1030 | D        | Noticed a killer bee
  1030 | D        | Noticed a killer bee
  1030 | D        | Noticed a killer bee
  1030 | D        | Noticed a killer bee
  1030 | D        | Noticed a killer bee
  1030 | D        | Noticed a killer bee
  1030 | D        | Noticed a killer bee
  1030 | D        | Noticed a killer bee
  1031 | D        | Noticed a killer bee
  1031 | D        | Noticed a killer bee
  1031 | D        | Noticed a killer bee
  1031 | D        | Noticed a killer bee
  1031 | D        | Noticed a killer bee
  1031 | D        | Noticed a killer bee
  1031 | D        | Noticed a killer bee
  1031 | D        | Noticed a killer bee
  1031 | D        | Noticed a killer bee
  1031 | D        | Noticed a killer bee
  1031 | D        | Noticed a killer bee
  1031 | D        | Noticed a killer bee
  1031 | D        | Noticed a killer bee
  1031 | D        | Noticed a killer bee
  1031 | D        | Noticed a killer bee
  1031 | D        | Noticed a killer bee
  1031 | D        | Noticed a killer bee
  1031 | D        | Noticed a killer bee
  1034 | D        | Killed a killer bee
  1037 | D        | Killed a killer bee
  1037 | D        | Acquired Dithmenos's third power
  1043 | D        | Killed a killer bee
  1045 | D        | Killed a killer bee
  1045 | D        | Reached XP level 10. HP: 48/48 MP: 12/27
  1047 | D        | Killed a killer bee
  1051 | D        | Killed a killer bee
  1053 | D        | Killed a killer bee
  1053 | D        | Acquired Dithmenos's fourth power
  1055 | D        | Killed a killer bee
  1195 | D        | Killed a killer bee
  1197 | D        | Killed a killer bee
  1199 | D        | Killed a killer bee
  1201 | D        | Killed a killer bee
  1203 | D        | Killed a killer bee
  1208 | D        | Killed a killer bee
  1210 | D        | Killed a killer bee
  1213 | D        | Killed a killer bee
  1215 | D        | Killed a killer bee
  1215 | D        | Reached skill level 5 in Conjurations
  1217 | D        | Killed a killer bee
  1219 | D        | Killed a killer bee
  1221 | D        | Killed a killer bee
  1223 | D        | Killed a queen bee
  1367 | D        | Killed a killer bee
  1369 | D        | Killed a killer bee
  1371 | D        | Killed a killer bee
  1373 | D        | Killed a killer bee
  1375 | D        | Killed a killer bee
  1375 | D        | Reached skill level 16 in Stealth
  1377 | D        | Killed a killer bee
  1379 | D        | Killed a killer bee
  1381 | D        | Killed a killer bee
  1383 | D        | Killed a killer bee
  1385 | D        | Killed a killer bee
  1387 | D        | Killed a killer bee
  1389 | D        | Killed a killer bee
  1419 | D        | Learned a level 8 spell: Lehudib's Crystal Spear
  1555 | D        | Noticed a wandering mushroom
  1556 | D        | Noticed a wandering mushroom
  1556 | D        | Noticed a wandering mushroom
  1558 | D        | Killed a wandering mushroom
  1562 | D        | Killed a wandering mushroom
  1564 | D        | Killed a wandering mushroom
  1564 | D        | Reached skill level 1 in Earth Magic
  1747 | D        | Noticed a spiny frog
  1747 | D        | Noticed a komodo dragon
  1747 | D        | Noticed a spiny frog
  1752 | D        | Killed a komodo dragon
  1754 | D        | Killed a spiny frog
  1754 | D        | Reached skill level 10 in Hexes
  1755 | D        | Killed a spiny frog
  1755 | D        | Reached skill level 15 in Dodging
  1786 | D        | Noticed a redback
  1788 | D        | Killed a redback
  1789 | D        | Noticed a brain worm
  1793 | D        | Killed a brain worm
  1799 | D        | Noticed a brain worm
  1801 | D        | Killed a brain worm
  1806 | D        | Noticed a lindwurm
  1808 | D        | Noticed a redback
  1809 | D        | Killed a lindwurm
  1811 | D        | Killed a redback
  1811 | D        | Reached XP level 11. HP: 51/51 MP: 29/29
  1816 | D        | Noticed a redback
  1817 | D        | Killed a redback
  1818 | D        | Noticed Maud
  1820 | D        | Killed Maud
  1820 | D        | Reached skill level 17 in Stealth
  1825 | D        | Noticed an electric eel
  1826 | D        | Noticed a six-headed hydra
  1826 | D        | Noticed a five-headed hydra
  1828 | D        | Killed an electric eel
  1830 | D        | Killed a six-headed hydra
  1831 | D        | Killed a five-headed hydra
  1868 | D        | Noticed a death drake
  1871 | D        | Killed a death drake
  1887 | D        | Noticed a fire dragon
  1889 | D        | Noticed a fire dragon
  1899 | D        | Killed a fire dragon
  1975 | D        | Found Wobol's Gadget Emporium.
  1975 | D        | Found Saomel's Antique Armour Shop.
  1975 | D        | Found Quxoumn's Magic Scroll Shoppe.
  2003 | D        | Found a blossoming altar of Fedhas.
  2003 | D        | Noticed a spriggan
  2003 | D        | Noticed a spriggan druid
  2003 | D        | Noticed a spriggan
  2006 | D        | Killed a spriggan druid
  2006 | D        | Reached skill level 18 in Stealth
  2007 | D        | Killed a spriggan
  2008 | D        | Killed a spriggan
  2049 | D        | Killed a yaktaur
  2053 | D        | Noticed a swamp drake
  2053 | D        | Noticed a fire drake
  2057 | D        | Killed a swamp drake
  2059 | D        | Killed a fire drake
  2078 | D        | Noticed a blink frog
  2078 | D        | Noticed a blink frog
  2078 | D        | Noticed a blink frog
  2078 | D        | Noticed a blink frog
  2079 | D        | Noticed a blink frog
  2080 | D        | Killed a blink frog
  2080 | D        | Reached skill level 5 in Air Magic
  2082 | D        | Killed a blink frog
  2092 | D        | Killed a blink frog
  2103 | D        | Killed a blink frog
  2115 | D        | Killed a blink frog
  2325 | D        | Noticed Rupert
  2327 | D        | Killed Rupert
  2327 | D        | Reached skill level 10 in Short Blades
  2327 | D        | Reached XP level 12. HP: 56/56 MP: 26/31
  2352 | D        | Noticed a death yak
  2353 | D        | Noticed a death yak
  2353 | D        | Noticed a blink frog
  2354 | D        | Killed a death yak
  2355 | D        | Noticed an azure jelly
  2355 | D        | Noticed a death yak
  2355 | D        | Noticed an azure jelly
  2355 | D        | Noticed a blink frog
  2355 | D        | Noticed a death yak
  2356 | D        | Killed a death yak
  2356 | D        | Reached skill level 15 in Spellcasting
  2357 | D        | Killed a blink frog
  2357 | D        | Reached skill level 19 in Stealth
  2358 | D        | Noticed a blink frog
  2358 | D        | Noticed a black mamba
  2359 | D        | Killed a death yak
  2360 | D        | Noticed a black mamba
  2361 | D        | Killed a death yak
  2361 | D        | Reached skill level 5 in Earth Magic
  2362 | D        | Killed a blink frog
  2363 | D        | Killed a blink frog
  2365 | D        | Killed a black mamba
  2366 | D        | Killed a black mamba
  2378 | D        | Noticed an azure jelly
  2378 | D        | Noticed an azure jelly
  2388 | D        | Noticed a snapping turtle
  2388 | D        | Noticed a snapping turtle
  2407 | D        | Noticed a kraken
  2412 | D        | Killed a snapping turtle
  2414 | D        | Killed a snapping turtle
  2569 | D        | Killed a kraken
  2864 | D        | Noticed an alligator snapping turtle
  2864 | D        | Noticed an alligator snapping turtle
  2865 | D        | Found Jyhix's Gadget Shoppe.
  2865 | D        | Found Puufuo Nawn's Antique Weapon Boutique.
  2865 | D        | Found Cuagh's Food Shop.
  2865 | D        | Noticed a snapping turtle
  2865 | D        | Noticed an alligator snapping turtle
  2868 | D        | Lost mutation: You expend magic power (3 MP) to strengthen your wands. [evolution]
  2870 | D        | Killed an alligator snapping turtle
  2932 | D        | Killed an alligator snapping turtle
  2981 | D        | Killed an alligator snapping turtle
  3090 | D        | Killed a snapping turtle
  3094 | D        | Got a barnacled rune of Zot
  3147 | D        | Noticed an elephant
  3147 | D        | Noticed an elephant
  3147 | D        | Noticed a dire elephant
  3147 | D        | Noticed a dire elephant
  3147 | D        | Noticed Gastronok
  3149 | D        | Killed Gastronok
  3149 | D        | Reached skill level 20 in Stealth
  3150 | D        | Killed a dire elephant
  3152 | D        | Killed a dire elephant
  3152 | D        | Reached XP level 13. HP: 60/60 MP: 32/34
  3156 | D        | Killed an elephant
  3158 | D        | Killed an elephant
  3266 | D        | Learned a level 9 spell: Glaciate
  3325 | D        | Noticed Wiglaf
  3325 | D        | Noticed Frances
  3327 | D        | Killed Wiglaf
  3328 | D        | Killed Frances
  3350 | D        | Noticed an orc priest
  3350 | D        | Noticed an orc high priest
  3352 | D        | Noticed a yaktaur
  3352 | D        | Noticed a yaktaur captain
  3352 | D        | Noticed a yaktaur
  3355 | D        | Noticed an orc priest
  3381 | D        | Killed an orc priest
  3383 | D        | Killed an orc priest
  3385 | D        | Killed an orc priest
  3388 | D        | Killed an orc high priest
  4030 | D        | Noticed an orange crystal statue
  4033 | D        | Noticed a spriggan defender
  4034 | D        | Noticed a spriggan defender
  4034 | D        | Noticed a spriggan defender
  4034 | D        | Noticed a spriggan defender
  4035 | D        | Killed a spriggan defender
  4042 | D        | Killed a spriggan defender
  4042 | D        | Killed a spriggan defender
  4043 | D        | Killed a spriggan defender
  4279 | D        | Noticed a brown ugly thing
  4282 | D        | Killed a brown ugly thing
  4299 | D        | Noticed a snapping turtle
  4299 | D        | Noticed a cyan ugly thing
  4303 | D        | Killed a snapping turtle
  4305 | D        | Killed a cyan ugly thing
  4333 | D        | Noticed a fire dragon
  4335 | D        | Killed a fire dragon
  4335 | D        | Reached skill level 21 in Stealth
  4339 | D        | Noticed a centaur warrior
  4343 | D        | Killed a centaur warrior
  4374 | D        | Noticed a long sword of flaming
  4374 | D        | Noticed a trident of freezing
  4375 | D        | Noticed a war axe of venom
  4376 | D        | Noticed a short sword of flaming
  4377 | D        | Killed a war axe of venom
  4379 | D        | Killed a long sword of flaming
  4381 | D        | Killed a short sword of flaming
  4384 | D        | Killed a trident of freezing
  4384 | D        | Reached skill level 10 in Invocations
  4389 | D        | Got a scorched short sword
  4391 | D        | Lost strength.
  4391 | D        | Identified the +7 short sword of Waenig {distort, Str-4 Dex+6} (You found it in the Dungeon)
  4432 | D        | Gained mutation: You are clumsy. (Dex -2) [mutagenic glow]
  4561 | D        | Killed a yaktaur
  4652 | D        | Noticed an elephant
  4652 | D        | Noticed a boulder beetle
  4654 | D        | Killed an elephant
  4656 | D        | Killed a boulder beetle
  4675 | D        | Noticed a yaktaur captain
  4756 | D        | Shot with a bolt by a yaktaur captain

Vault maps used:
D:        dungeon_sprint_mu

Action                   |  1- 3 |  4- 6 |  7- 9 | 10-12 | 13-15 || total
-------------------------+-------+-------+-------+-------+-------++-------
Melee: Dagger            |    16 |    12 |    22 |   133 |   128 ||   311
       Rapier            |       |       |       |       |     2 ||     2
 Cast: Ensorcelled Hiber |     2 |     2 |    10 |    59 |     7 ||    80
       Corona            |     1 |       |       |       |       ||     1
       Dazzling Spray    |       |     6 |     5 |    18 |    12 ||    41
       Confuse           |       |     1 |     1 |     5 |     2 ||     9
       Tukima's Dance    |       |       |     1 |       |     2 ||     3
Invok: Shadow Step       |       |       |       |    11 |     3 ||    14
  Use: Scroll            |     6 |       |       |       |       ||     6
       Potion            |     2 |       |       |       |       ||     2
 Stab: Sleeping          |     7 |     4 |    10 |    73 |    18 ||   112
       Invisible         |       |     1 |     3 |     3 |     1 ||     8
       Confused          |       |       |     1 |     1 |     1 ||     3
  Eat: Bread ration      |       |       |       |     1 |       ||     1
